[Event "Early-Titled-Tuesday-Blitz-January-16-2024"]
[Site "Chess.com"]
[Date "2024.01.16"]
[Round "10"]
[White "GothamChess"]
[Black "stollenmonster"]
[Result "1-0"]
[WhiteElo "2739"]
[BlackElo "2880"]
[TimeControl "180+1"]
[EndTime "9:59:22 PST"]
[Termination "GothamChess won by resignation"]

1. e4 e5 2. Nf3 Nc6 3. c3 d5 4. Qa4 Bd7 5. exd5 Nd4 6. Qd1 Nxf3+ 7. Qxf3 Nf6 8. Bc4 Bc5 9. d3 h6 10. Be3 Qe7 11. Nd2 O-O 12. h3 Rae8 13. O-O c6 14. Ne4 Nxe4 15. dxe4 Kh8 16. Rad1 f5 17. exf5 Bxf5 18. Qg3 Bd6 19. dxc6 bxc6 20. Rfe1 Rf6 21. Qh4 Qc7 22. Bd3 e4 23. Bc2 Rg6 24. Qh5 Rf8 25. Kh1 Bf4 26. Bc5 Rg5 27. Qh4 Re8 28.
Be3 Bxe3 29. Rxe3 Bg6 30. Rde1 Rf8 31. Bxe4 Bxe4 32. Rxe4 Qb8 33. R4e2 Kh7 34. b3 Qb5 35. Qe4+ Kh8 36. c4 Qa5 37. Qc2 Rgf5 38. f3 Qd8 39. Qe4 Rf4 40. Qe3 Qh4 41. Qxa7 Rxf3 42. Qe7 Rf1+ 43.
Rxf1 Rxf1+ 44. Kh2 Qf4+ 45. g3 Rf2+ 46. Rxf2 Qxf2+ 47. Kh1 Qf1+ 48. Kh2 Qf2+ 49. Kh1 Qxg3 50. Qe8+ Kh7 51.
Qe4+ g6 52. Qg2 Qe1+ 53. Kh2 Qe5+ 54. Kg1 Qe1+ 55. Qf1 Qe3+ 56. Kg2 Qg5+ 57. Kh1 Qd2 58. Qf7+ Kh8 59. Qf6+ Kh7 60. Qf7+ Kh8 61. Qxg6 Qd1+ 62. Qg1 Qd3 63. Qg2 Qd1+ 64. Kh2 Qd6+ 65. Kg1 Qd1+ 66. Qf1 Qd2 67. Qf6+ Kh7 68. Qxc6 Qxa2 69. Qd7+ Kg6 70. Qd3+ Kg7 71. Qc3+ Kh7 72. c5 Qb1+ 73. Kf2 Qf5+ 74. Ke1 Qe4+ 75. Kd2 Qg2+ 76. Kc1 Qf1+ 77. Kb2 Kg8 78.
Qc4+ 1-0

[Event "Early-Titled-Tuesday-Blitz-January-16-2024"]
[Site "Chess.com"]
[Date "2024.01.16"]
[Round "10"]
[White "anasta10"]
[Black "alexrustemov"]
[Result "0-1"]
[WhiteElo "2512"]
[BlackElo "2826"]
[TimeControl "180+1"]
[EndTime "9:59:22 PST"]
[Termination "alexrustemov won by resignation"]

1. Nf3 d5 2. d4 Nf6 3. c4 c6 4.
Nc3 a6 5. cxd5 cxd5 6. Bf4 Nc6 7. e3 Bg4 8. Bd3 e6 9. Rc1 Bd6 10. Bg5 O-O 11. h3 Bh5 12. O-O Rc8 13. a3 Be7 14. b4 Ne8 15. Bxe7 Qxe7 16. Be2 Bxf3 17. Bxf3 Nd6 18. Be2 b5 19. Bd3 Nc4 20. Bxc4 dxc4 21. Qh5 Rfd8 22. Rfd1 g6 23. Qe2 Rd7 24. Ne4 a5 25.
Nc5 Ra7 26. Rb1 axb4 27. axb4 Qd6 28. Qb2 Qe7 29. d5 exd5 30. Rxd5 Nd8 31. Rbd1 Ne6 32. Ne4 h5 33. Nf6+ Kf8 34. Nxh5 Kg8 35. Nf6+ Kf8 36. Ne4 Kg8 37. Nc3 Rb7 38. Rxb5 Rxb5 39. Nxb5 Rb8 40. Nd4 Nxd4 41. Qxd4 Qxb4 42. Rc1 Rc8 43. Rc3 Qb5 44. g3 Qc6 45. e4 Qe6 46. Kg2 Qc6 47. Qd5 Qc7 48. h4 Kg7 49. h5 gxh5 50. Qg5+ Kf8 51. Qxh5 Qc6 52. Qe5 f6 53. Qf5 Ke7 54. Qf3 Qe6 55.
Qe3 Qe5 56. f4 Qc7 57. Kf3 Qc6 58. Kf2 Ke6 59. e5 f5 60. Qf3 Qc5+ 61. Kg2 Qd4 62. Qe3 Qd5+ 63. Qf3 Rc6 64. Qxd5+ Kxd5 65. Kf3 Kd4 66.
Rc1 c3 67. Ke2 Kc4 68. Ke3 Kb3 69. Kd4 c2 70. Kd5 Rc3 71. e6 Re3 72. Kd6 Kb2 73. Rxc2+ Kxc2 74. e7 Kd3 75. Kd7 Ke2 76. e8=Q Rxe8 77.
Kxe8 Kf3 78. Ke7 Kxg3 0-1

[Event "Early-Titled-Tuesday-Blitz-January-16-2024"]
[Site "Chess.com"]
[Date "2024.01.16"]
[Round "10"]
[White "Brahianzevich"]
[Black "campochess"]
[Result "1-0"]
[WhiteElo "2441"]
[BlackElo "2149"]
[TimeControl "180+1"]
[EndTime "9:59:26 PST"]
[Termination "Brahianzevich won on time"]

1. e4 c5 2. Nf3 Nc6 3. d4 cxd4 4.
Nxd4 Qb6 5. Nb3 Nf6 6. Nc3 e6 7. Be3 Qc7 8. Be2 Bb4 9. f3 d5 10. exd5 Nxd5 11. Bd2 Nxc3 12. bxc3 Bd6 13. g3 O-O 14.
Kf2 b6 15. Be3 Bb7 16. Nd4 Be5 17. Re1 Rad8 18. f4 Bf6 19. Bf3 Ne7 20. Bxb7 Qxb7 21. Qf3 Qc8 22. Ne2 Nd5 23. Bd4 Bxd4+ 24. cxd4 Qxc2 25.
Rec1 Qf5 26. Rd1 Rd6 27. Qd3 Qf6 28. a4 a5 29. Rdc1 Rfd8 30. Qe4 Nb4 31. Rc4 g6 32.
Rd1 Qe7 33. Nc3 Qd7 34. Nb5 Rd5 35. Rc7 Qe8 36. h4 h5 37. Kg2 Rf5 38. Rdc1 Nd5 39. Ra7 Nf6 40. Qe3 Ng4 41. Qe4 Qf8 42. Rcc7 Qb4 43.
Qe2 Rxd4 44. Rcb7 Rd2 45. Rb8+ Kg7 46. Kf3 Rxe2 47. Kxe2 Qe4+ 48. Kd2 Rd5+ 49. Kc3 Ne3 50. Nd4 Rc5+ 51. Kb3 Rc6 52. Rxb6 Qd5+ 53. Ka3 Rxb6 54. Nb5 Qc4 55. Rc7 Qb4+ 56. Ka2 Rxb5 57. axb5 Qxb5 58.
Rc3 Nc4 59. Rb3 Qc5 60. Rc3 a4 61. Kb1 Qb4+ 62. Kc2 Na3+ 63. Kd3 Qd6+ 64. Ke3 Nb5 65. Rd3 Qc6 66. Rd2 a3 67. Ra2 Qc4 68. Rd2 Qc3+ 69. Rd3 Qxd3+ 70. Kxd3 a2 71. Kc4 a1=Q 72. Kxb5 Qc3 73.
Kb6 Kf6 74. Kb7 Ke7 75. Kb8 Kd6 76. Kb7 Qc4 77. Kb6 Qb4+ 78. Ka7 1-0

[Event "Early-Titled-Tuesday-Blitz-January-16-2024"]
[Site "Chess.com"]
[Date "2024.01.16"]
[Round "10"]
[White "artin10862"]
[Black "Grischuk"]
[Result "1/2-1/2"]
[WhiteElo "2929"]
[BlackElo "3082"]
[TimeControl "180+1"]
[EndTime "9:59:30 PST"]
[Termination "Game drawn by repetition"]

1. d4 e6 2. c4 b6 3. g3 Bb7 4. Nf3 Bb4+ 5. Bd2 Bxf3 6. exf3 Bxd2+ 7. Qxd2 Ne7 8. Nc3 d5 9. cxd5 Nxd5 10. Bc4 Nxc3 11. bxc3 O-O 12. O-O Nc6 13. f4 Na5 14.
Bd3 g6 15. Qe2 Qd6 16. Rfd1 Rad8 17. h4 c5 18. Be4 Rfe8 19. Qa6 cxd4 20. Qxa7 Qc5 21.
cxd4 Rxd4 22. Rxd4 Qxd4 23. Re1 Nc4 24. Qa4 Rd8 25.
Bg2 Qc3 26. Rd1 Rxd1+ 27. Qxd1 Nd2 28. Qa4 Kg7 29. Qd7 h5 30. Bc6 Qa1+ 31. Kh2 Qxa2 32.
Qd4+ Kg8 33. Qd8+ Kg7 34. Qd4+ Kg8 35. Qxb6 Qc2 36. Bg2 Nb3 37. Qe3 Nc5 38. Bf3 Qc4 39. Kg2 Qb4 40. Qe2 Nd7 41. Qd3 Nf6 42. Qe3 Qd6 43. Qe2 Nd7 44. Qb2 Nf8 45. Qf6 Nh7 46.
Qc3 Nf8 47. Qa5 Nh7 48. Be4 Kg7 49. Qc3+ Kg8 50. Bf3 Nf8 51. Be4 Nh7 52. Qc8+ Kg7 53. Bf3 Qd4 54. Qc7 Nf6 55. Qc2 Nd5 56. Qe2 Nc3 57.
Qe1 Nb5 58. Qe2 Nc3 59. Qe1 Nd5 60. Qe2 Ne7 61. Qe4 Nf5 62. Qe2 Qc3 63. Be4 Nd6 64.
Bf3 Qd4 65. Qa6 Nf5 66. Qe2 Ne7 67. Be4 Ng8 68. Bf3 Nf6 69. Qe1 Ng8 70. Qe2 Nh6 71.
Qe1 Nf5 72. Qe2 1/2-1/2

[Event "Early-Titled-Tuesday-Blitz-January-16-2024"]
[Site "Chess.com"]
[Date "2024.01.16"]
[Round "10"]
[White "Zurability"]
[Black "inneremptiness"]
[Result "1/2-1/2"]
[WhiteElo "2746"]
[BlackElo "2882"]
[TimeControl "180+1"]
[EndTime "9:59:33 PST"]
[Termination "Game drawn - insufficient material"]

1. Nf3 d5 2. g3 b6 3. Bg2 Bb7 4. O-O Nd7 5. c4 dxc4 6. Qa4 a6 7. Qxc4 b5 8. Qc2 c5 9. d4 e6 10. Rd1 Rc8 11. dxc5 Bxc5 12. Nc3 b4 13. Ne5 Bxg2 14. Nxd7 bxc3 15. Kxg2 Qc7 16. Qxc3 Qc6+ 17. Kg1 Qxd7 18. Rxd7 Bxf2+ 19. Kxf2 Rxc3 20. Ra7 Rc8 21. Bg5 h6 22. Be3 Nf6 23. Bd4 e5 24. Bb6 O-O 25. Rxa6 Rc2 26. b4 Ng4+ 27. Ke1 Rfc8 28. Bc5 e4 29. a4 Ne5 30. a5 Nd7 31. Be3 Rb2 32. Rd6 Ne5 33.
Bc5 Nc4 34. Rd4 Ne5 35. Rxe4 Nc6 36. a6 Ra8 37. a7 g5 38. Ra6 Nxa7 39. Rxa7 Rd8 40. Ree7 Rb1+ 41. Kf2 Rdd1 42. Re8+ Kg7 43. Ke3 Rf1 44. Ree7 Rb3+ 45. Kd2 Kg6 46. Ra6+ Kh5 47. Re5 f6 48. Re3 Rb2+ 49. Kc3 Rbb1 50. Kc4 Kg4 51. h4 f5 52. hxg5 hxg5 53. Kd5 f4 54. gxf4 gxf4 55.
Ree6 Rfd1+ 56. Kc6 Rb2 57. Kb7 Rd5 58. Rad6 Rxc5 59.
Rg6+ Kf5 60. Rdf6+ Ke4 61. Re6+ Kd4 62. Rb6 Re5 63. Rgd6+ Ke3 64. Re6 Rxe6 65. Rxe6+ Kf2 66. Re4 Kg3 67. Kc6 Rc2+ 68. Kd5 Rb2 69. Kc5 Rc2+ 70. Rc4 Rxe2 71. b5 f3 72. b6 f2 73. b7 Rb2 74. Rb4 Rxb4 75. Kxb4 f1=Q 76. b8=Q+ Qf4+ 77. Qxf4+ Kxf4 1/2-1/2

[Event "Early-Titled-Tuesday-Blitz-January-16-2024"]
[Site "Chess.com"]
[Date "2024.01.16"]
[Round "10"]
[White "rikchessmx"]
[Black "Journey_to_GrandMaster_YT"]
[Result "0-1"]
[WhiteElo "2353"]
[BlackElo "2518"]
[TimeControl "180+1"]
[EndTime "9:59:33 PST"]
[Termination "Journey_to_GrandMaster_YT won by resignation"]

1. e4 d6 2. d4 Nf6 3. Nc3 e5 4. Bc4 Be7 5. Nge2 O-O 6. f3 c6 7. Bb3 b5 8. a3 Bb7 9. Be3 a5 10.
Qd2 Nbd7 11. g4 b4 12. Nd1 exd4 13. Nxd4 c5 14. Nf5 Ne5 15. Qg2 Nexg4 16. fxg4 Bxe4 17. Qg1 Bxh1 18. Qxh1 Re8 19. Qf3 d5 20. Kf1 c4 21.
Ba2 Qc7 22. Bd4 Qxh2 23. Nxe7+ Rxe7 24. Bxf6 gxf6 25. Nf2 Qe5 26. Rd1 Qxb2 27. Qxd5 Rae8 28. Bxc4 Qxc2 29. axb4 axb4 30. g5 Qg6 31. gxf6 Qxf6 32. Kg2 Kh8 33. Qd4 Rg8+ 34. Kf1 Qxd4 35. Rxd4 Rb8 36. Bb3 Rc7 37. Nd1 Rc6 38. Ke2 Re6+ 39. Kd3 Rc6 40. Rd7 Rcc8 41. Rxf7 Rd8+ 42. Ke2 Re8+ 43.
Ne3 Rf8 44. Rd7 Rbd8 45. Rb7 Rd4 46. Bc2 Rh4 47. Kd3 Rd8+ 48. Ke2 Rh2+ 49. Kf3 Rh3+ 50. Ke2 Re8 51. Rxb4 Rhxe3+ 52. Kd2 R3e7 53. Bd3 Rd8 54. Rh4 Red7 55. Rh3 Re7 56. Kc2 Rc7+ 57. Kd2 Rg7 58.
Kc2 Rc8+ 59. Kd1 Rcg8 60. Kc2 Rd8 61. Kc3 Kg8 62. Bc4+ Kh8 63. Bd3 Rc7+ 64. Kd2 Kg8 65. Ke2 Rd6 66. Kf2 Rg7 67. Ke2 h6 68. Bc4+ Kf8 69.
Rf3+ Ke8 70. Rh3 Re7+ 71. Kf3 Rc6 72. Bd3 Rc3 73. Kf4 Rf7+ 74. Ke5 Re7+ 75. Kd6 Rd7+ 76. Ke6 Rdxd3 77. Rxh6 Rc6+ 0-1

[Event "Early-Titled-Tuesday-Blitz-January-16-2024"]
[Site "Chess.com"]
[Date "2024.01.16"]
[Round "10"]
[White "SanchezKelvin"]
[Black "MatthewG-p4p"]
[Result "0-1"]
[WhiteElo "2572"]
[BlackElo "2892"]
[TimeControl "180+1"]
[EndTime "9:59:37 PST"]
[Termination "MatthewG-p4p won on time"]

1. d4 h5 2. e4 h4 3. Nc3 b6 4. h3 Bb7 5. Be3 e6 6. a3 Nf6 7. Bd3 d5 8. e5 Nfd7 9. f4 c5 10. Nf3 Nc6 11. O-O g6 12. Bb5 a6 13.
Bxc6 Bxc6 14. Bf2 Be7 15. Qd2 Rc8 16. Rfc1 Kf8 17. Nd1 Kg7 18. Ne3 Rh5 19. c3 Nb8 20. b4 c4 21. a4 Be8 22. Ng4 Nc6 23. Be3 Bd7 24. Kh2 Rf5 25. Rf1 Qh8 26. Rfb1 Bd8 27. Kh1 Be8 28. Bg1 Ne7 29. Bh2 Ng8 30. Ne3 Rh5 31.
b5 a5 32. Bg1 Nh6 33. Bf2 Nf5 34. Nxf5+ gxf5 35. Rg1 Kf8 36. Qb2 Be7 37. Be3 Bd7 38.
Qa2 Ke8 39. Raf1 Kd8 40. Bc1 Qf8 41. Bb2 Kc7 42. Ra1 Rh8 43. Ba3 Bxa3 44. Qxa3 Qxa3 45. Rxa3 Rcg8 46. Ng5 Be8 47. Ra2 Kd8 48. Kh2 Ke7 49. g3 hxg3+ 50. Rxg3 Rh4 51. Rf2 Rgh8 52. Kg2 Bd7 53.
Kf3 R4h5 54. Rh2 Rh4 55. Ke3 Be8 56. Nf3 R4h7 57. h4 f6 58. Rhg2 Kf7 59. exf6 Kxf6 60.
Rg5 Bh5 61. Ne5 Bd1 62. Rg6+ Ke7 63. Rg7+ Rxg7 64. Rxg7+ Ke8 65. Rb7 Rxh4 66. Rxb6 Rh3+ 67. Kd2 Bxa4 68. Rb8+ Ke7 69. b6 Rh2+ 70. Kc1 Rc2+ 71.
Kb1 Rxc3 72. b7 Rb3+ 73. Ka2 Kd6 74. Ra8 Rxb7 75. Ra6+ Ke7 76. Rxa5 Be8 77. Rc5 Rb4 0-1

[Event "Early-Titled-Tuesday-Blitz-January-16-2024"]
[Site "Chess.com"]
[Date "2024.01.16"]
[Round "10"]
[White "K_A_S_T_O_R"]
[Black "GMWSO"]
[Result "1/2-1/2"]
[WhiteElo "2922"]
[BlackElo "3076"]
[TimeControl "180+1"]
[EndTime "9:59:40 PST"]
[Termination "Game drawn by repetition"]

1. e4 c5 2. Nf3 e6 3. d4 cxd4 4. Nxd4 Nc6 5. Nb5 d6 6. c4 Nf6 7.
N1c3 a6 8. Na3 Be7 9. Be2 O-O 10. O-O b6 11. Be3 Bb7 12. Rc1 Re8 13. Qd2 Nb4 14. f3 d5 15. cxd5 exd5 16. e5 d4 17. Bxd4 Nc6 18. exf6 Bxf6 19. Be3 Rxe3 20. Rfd1 Qxd2 21. Rxd2 Bg5 22. Rcd1 Rae8 23. Rd7 R3e7 24. Rxe7 Bxe7 25. Nc4 Rd8 26. Nd5 Bc5+ 27. Kf1 b5 28. Nce3 Kf8 29. Nc2 Ne5 30. Nc3 Rxd1+ 31. Nxd1 Ke7 32. a3 f5 33. Nde3 f4 34. Nf5+ Kf6 35. Nfd4 Bd5 36. Nb4 Bb7 37.
Ndc2 g5 38. Nd3 Bd6 39. Nxe5 Bxe5 40. b4 Bd5 41. Bd3 h5 42. h3 Bb2 43. Ke2 Ke5 44.
Kd2 Bb3 45. Bg6 h4 46. Be4 Bc4 47. Bb7 Bf1 48. Ne1 Bxa3 49. Kc3 Kd6 50. Bxa6 Kc7 51. Nc2 Bc1 52. Nd4 Kb6 53. Bc8 Bxg2 54. Ne2 Be3 55.
Bg4 Bf1 56. Nd4 Bf2 57. Ne6 Bc4 58. Kd2 Kc6 59. Nxg5 Be3+ 60. Kc3 Kd6 61. Ne4+ Ke5 62. Nd2 Be2 63. Nb3 Bc4 64. Nd2 Bxd2+ 65. Kxd2 Kd4 66.
Bd7 Bf1 67. Be6 Bg2 68. Ke2 Kc3 69. Kf2 Bh1 70. Bg4 Kxb4 71. Kg1 Kc3 72. Kxh1 b4 73.
Bf5 b3 74. Kg2 b2 75. Kf2 Kd2 76. Bg6 Kd1 77. Bf5 Kd2 78. Be4 Kd1 79. Bb1 Kd2 80.
Kf1 Kd1 81. Kf2 Kd2 82. Be4 Kd1 83. Bf5 Kd2 1/2-1/2

[Event "Early-Titled-Tuesday-Blitz-January-16-2024"]
[Site "Chess.com"]
[Date "2024.01.16"]
[Round "10"]
[White "Yurasova_Daria"]
[Black "DraningWaterHi"]
[Result "1-0"]
[WhiteElo "2448"]
[BlackElo "2179"]
[TimeControl "180+1"]
[EndTime "9:59:45 PST"]
[Termination "Yurasova_Daria won by checkmate"]

1. d4 Nf6 2. Bg5 d5 3. Bxf6 exf6 4. e3 c6 5. g3 Bd6 6. Bg2 f5 7. Ne2 Nd7 8. Nd2 Nf6 9. O-O h5 10. h4 Be6 11. c4 Qd7 12. Nc3 a6 13. cxd5 cxd5 14.
Rc1 Rc8 15. Qb3 Bb8 16. Na4 Rxc1 17. Rxc1 O-O 18. Nc5 Qd6 19. Nxb7 Qe7 20. Nc5 Ne4 21. Ndxe4 fxe4 22. Nxa6 Bd6 23. Nc5 Rb8 24. Qc2 g5 25. hxg5 Qxg5 26. Nxe6 fxe6 27. Qc6 Rd8 28. Qb6 h4 29. gxh4 Qxh4 30. Rc6 Rf8 31. Rc2 Qh2+ 32. Kf1 Kg7 33. Qa6 Rf6 34. Qe2 Qh4 35. Ke1 Qh2 36.
Qg4+ Rg6 37. Qh3 Qxg2 38. Qxg2 Rxg2 39. Rc6 Be7 40. Kf1 Rg6 41. a4 Kf6 42. a5 Rg8 43.
Rb6 Ra8 44. b4 Bd8 45. Rc6 Kf7 46. a6 Ke7 47. b5 Kd7 48. f3 exf3 49. Kf2 Rc8 50.
a7 Ra8 51. Ra6 Kc7 52. Kxf3 Kb7 53. Rxe6 Rxa7 54. Rd6 Bc7 55. Rxd5 Ra1 56. Ke4 Rf1 57. Rh5 Kb6 58. Kd3 Rd1+ 59. Kc4 Rc1+ 60. Kd5 Kxb5 61.
e4 Kb6 62. e5 Kb7 63. Rh7 Kc8 64. Ke6 Re1 65. Rh5 Kb7 66. d5 Kc8 67. d6 Bd8 68. Rh7 Rf1 69. Ra7 Kb8 70. Ra6 Kb7 71. Ra2 Bg5 72. Rb2+ Kc8 73. Rc2+ Kb7 74. Kd7 Re1 75. Rb2+ Ka6 76. e6 Bf4 77. e7 Rd1 78. e8=Q Rxd6+ 79.
Kc8 Rd4 80. Qb5+ Ka7 81. Qb7# 1-0

[Event "Early-Titled-Tuesday-Blitz-January-16-2024"]
[Site "Chess.com"]
[Date "2024.01.16"]
[Round "10"]
[White "CaspiIsrael"]
[Black "01Roman"]
[Result "1-0"]
[WhiteElo "2656"]
[BlackElo "2481"]
[TimeControl "180+1"]
[EndTime "9:59:50 PST"]
[Termination "CaspiIsrael won on time"]

1. e4 e5 2. d4 exd4 3. Qxd4 Nc6 4. Qd3 Nf6 5. Nc3 Bb4 6. Ne2 Qe7 7. a3 Ba5 8. Be3 Nxe4 9. b4 Nxc3 10. Nxc3 Bb6 11. Nd5 Qe5 12. O-O-O Bxe3+ 13. Qxe3 Qxe3+ 14. Nxe3 Ne7 15. Bb5 c6 16. Bd3 d5 17. c4 Be6 18. cxd5 Nxd5 19. Nxd5 Bxd5 20. Rhe1+ Kd7 21. Bc4 Kd6 22. Rd2 Rae8 23.
Red1 Re5 24. f4 Rf5 25. g3 h5 26. Bd3 Rf6 27. Be4 h4 28. Bxd5 cxd5 29. Rxd5+ Kc6 30. Rc5+ Kb6 31. Kb2 hxg3 32. hxg3 Rh2+ 33. Kb3 Re6 34. Rd3 a6 35. a4 Rc6 36. a5+ Kc7 37. Rf5 f6 38.
Rfd5 Rh1 39. Rd7+ Kb8 40. Rxg7 Rb1+ 41. Ka3 Ra1+ 42. Kb2 Rcc1 43. Re7 Rab1+ 44. Ka3 Ra1+ 45. Kb3 Rab1+ 46. Ka4 Rc4 47. Rb3 Ra1+ 48. Ra3 Rb1 49.
Rb3 Ra1+ 50. Ra3 Rb1 51. Re8+ Ka7 52. Rae3 Ra1+ 53. Kb3 Rcc1 54. R8e4 Rab1+ 55. Ka4 f5 56. Rd4 Ra1+ 57. Ra3 Rab1 58. Ra2 Rc3 59. Rd5 Rc4 60. Rg2 Rbxb4+ 61. Ka3 Ra4+ 62. Kb2 Rab4+ 63. Ka1 Ra4+ 64. Ra2 Rab4 65. Rb2 Ra4+ 66. Kb1 Rc3 67. Rg2 Rb4+ 68. Ka2 Rbb3 69. Rxf5 Ra3+ 70. Kb1 Rab3+ 71. Rb2 Rxg3 72.
Rxb3 Rxb3+ 73. Kc2 Rf3 74. Kd2 Kb8 75. Ke2 Ra3 76.
Rc5 1-0

[Event "Early-Titled-Tuesday-Blitz-January-16-2024"]
[Site "Chess.com"]
[Date "2024.01.16"]
[Round "10"]
[White "KuzubovYuriy"]
[Black "CSB7"]
[Result "0-1"]
[WhiteElo "2877"]
[BlackElo "2731"]
[TimeControl "180+1"]
[EndTime "10:00:05 PST"]
[Termination "CSB7 won by resignation"]

1. d4 Nf6 2. Nf3 e6 3. c4 d5 4. Nc3 dxc4 5. e4 Bb4 6. Bxc4 Nxe4 7. O-O Nxc3 8. bxc3 Bd6 9. Ng5 h6 10. Ne4 O-O 11. Qf3 Nc6 12. Re1 Kh8 13. Qh5 Kh7 14.
Bg5 Be7 15. Bf4 f5 16. Nd2 Bg5 17. Bxg5 Qxg5 18. Qxg5 hxg5 19. Bxe6 Bxe6 20. Rxe6 Rfe8 21.
Rae1 Rxe6 22. Rxe6 Kg8 23. d5 Rd8 24. c4 Nd4 25. Re7 c6 26. Rxb7 cxd5 27. c5 Rc8 28. Rb4 Ne6 29. Ra4 Rxc5 30. Nb3 Rc2 31. Rxa7 Nd4 32. g3 Nxb3 33. axb3 Rb2 34. Rb7 d4 35. Rd7 Rxb3 36. Rxd4 Kh7 37. Kg2 Kh6 38. h3 g6 39.
Rd7 Ra3 40. Rc7 Rb3 41. Kf1 Rb1+ 42. Ke2 Rb2+ 43. Ke3 Rb3+ 44. Kd2 Rb2+ 45. Rc2 Rb3 46. Ke2 Ra3 47. Rc7 Ra2+ 48. Ke3 Ra3+ 49. Kd4 Ra2 50. f3 Ra3 51. Rc3 Ra5 52. g4 fxg4 53. hxg4 Ra4+ 54.
Ke5 Ra5+ 55. Kd6 Ra6+ 56. Kd7 Ra7+ 57. Kd8 Ra8+ 58. Ke7 Ra7+ 59. Ke6 Ra6+ 60. Kf7 Ra7+ 61. Ke8 Ra8+ 62. Kd7 Ra7+ 63. Kd8 Ra8+ 64. Rc8 Ra3 65.
Ke7 Rxf3 66. Ke6 Rf4 67. Ke5 Rxg4 68. Rh8+ Kg7 69. Rh1 Rf4 70. Rg1 Kh6 71. Rh1+ Kg7 72. Rg1 Rf5+ 73. Ke4 Kf6 74. Ke3 Rf4 75. Rg2 Kf5 76.
Rg1 g4 77. Rc1 Rf3+ 78. Ke2 Kf4 79. Rc6 Kg3 80. Rxg6 Kh3 81. Rh6+ Kg2 82. Rg6 g3 83. Rg8 Rf7 84. Rg6 Kh2 85. Rh6+ Kg1 86. Rg6 g2 87. Rg8 Rh7 88. Rg6 Kh1 89. Kf2 Rf7+ 90. Ke2 Re7+ 91. Kf2 Rf7+ 92. Ke2 g1=Q 0-1

[Event "Early-Titled-Tuesday-Blitz-January-16-2024"]
[Site "Chess.com"]
[Date "2024.01.16"]
[Round "10"]
[White "agvega14"]
[Black "Srisshhhtea"]
[Result "1/2-1/2"]
[WhiteElo "2140"]
[BlackElo "2444"]
[TimeControl "180+1"]
[EndTime "10:00:18 PST"]
[Termination "Game drawn - insufficient material"]

1. d4 Nf6 2. c4 g6 3. Nc3 Bg7 4. Nf3 O-O 5. Bf4 d6 6. e3 Nbd7 7. h3 c6 8. Be2 Qe8 9. Bh2 e5 10. O-O Qe7 11. Qc2 Ne8 12. Rfe1 Nc7 13. Rac1 Ne6 14. dxe5 dxe5 15. a3 a5 16. Rcd1 f5 17. Bf1 Nec5 18. b4 axb4 19. axb4 Na6 20. b5 Nac5 21. Ra1 Rxa1 22. Rxa1 f4 23. exf4 exf4 24.
Re1 Qf6 25. Ne2 g5 26. Ned4 h5 27. h4 gxh4 28. Kh1 Kh8 29. Qb1 Bh6 30. Qc2 Bg7 31. Qb1 Bh6 32. Qc2 Qf7 33. Qe2 Nf6 34. Qe7 Ng4 35. Qxf7 Rxf7 36. Re8+ Rf8 37. Rxf8+ Bxf8 38. Bxf4 Nxf2+ 39. Kg1 Nfe4 40. Nxh4 Bd7 41. Ng6+ Kg7 42.
Nxf8 Kxf8 43. bxc6 bxc6 44. Be5 Ke7 45. Bg7 Be8 46.
Be5 Kf7 47. Nf5 Ke6 48. Ng7+ Kxe5 49. Nxe8 Kd4 50. Ng7 Nd7 51. Nxh5 Ne5 52. Nf4 Nxc4 53.
Ne6+ Kd5 54. Nf4+ Kc5 55. g4 Ne3 56. Be2 Kd4 57. Ne6+ Kd5 58. Nf4+ Ke5 59. Nd3+ Kd4 60. Nf4 Ng5 61. Kf2 c5 62. Ng2 Nd5 63. Ne1 c4 64. Nf3+ Kc5 65. Nxg5 c3 66. Bd3 Nf4 67. Bc2 Kd4 68.
Nf3+ Kc4 69. Ke3 Nh3 70. Ne5+ Kd5 71. Nf3 Kc4 72. Ne5+ Kd5 73. Nd3 Kc4 74. Nf4 Ng5 75. Ne2 Kb4 76. Kd4 Nf3+ 77. Ke4 Nd2+ 78. Kd3 Nf3 79.
Nxc3 Ne5+ 80. Kd2 Nxg4 81. Ne4 Ne5 82. Nf2 Kc4 83. Bd3+ Kd4 84. Bc2 Nc4+ 85. Kc1 Kc3 86. Ne4+ Kd4 87. Kd1 Ne3+ 88. Kd2 Nxc2 1/2-1/2

[Event "Early-Titled-Tuesday-Blitz-January-16-2024"]
[Site "Chess.com"]
[Date "2024.01.16"]
[Round "10"]
[White "Bauman_Guy"]
[Black "Nikolakis2014"]
[Result "0-1"]
[WhiteElo "2901"]
[BlackElo "2756"]
[TimeControl "180+1"]
[EndTime "10:00:52 PST"]
[Termination "Nikolakis2014 won on time"]

1. e4 c5 2. Nf3 Nc6 3. d4 cxd4 4.
Nxd4 e5 5. Nb5 d6 6. a4 Be7 7.
N1c3 a6 8. Na3 Nf6 9. Bg5 Bg4 10.
Be2 Bxe2 11. Qxe2 O-O 12. Bxf6 Bxf6 13. Nd5 Rc8 14. c3 Ne7 15. Rd1 Nxd5 16. Rxd5 Be7 17. O-O Qc7 18. Rfd1 f5 19. exf5 Rxf5 20. Nc2 Rcf8 21. f3 Rf4 22. a5 Ra4 23. Nb4 Rxa5 24. Rxa5 Qxa5 25. Qc4+ Kh8 26. Nd5 Bg5 27. h4 Bh6 28. Qc7 Qa4 29. Rd3 Qxh4 30. Qxd6 Re8 31. Rd1 e4 32. fxe4 Qxe4 33. Rf1 Be3+ 34. Kh1 Qh4+ 35. Qh2 Qxh2+ 36. Kxh2 Bc5 37. Rf7 b6 38. Rb7 Bd6+ 39. Kh3 h5 40. Kh4 Re2 41. Rxb6 Be5 42. Kxh5 Rxg2 43. Ne7 Kh7 44. Ng6 Bf6 45. Nf8+ Kg8 46.
Ne6 Kf7 47. Nxg7 Kxg7 48. Rb7+ Kg8 49. Rb6 Kg7 50. Rb7+ Kh8 51. Rb6 Be7 52. Rxa6 Rxb2 53. c4 Kg7 54. Kg4 Kf7 55. Kf5 Rf2+ 56. Ke4 Re2+ 57.
Kd5 Rd2+ 58. Ke4 Rc2 59. Rc6 Rc1 60. Kd3 Ke8 61. Rg6 Kd7 62. Rh6 Rd1+ 63. Kc2 Rg1 64.
Kd3 Rg3+ 65. Kd4 Rg4+ 66. Kd5 Rg5+ 67. Kd4 Bc5+ 68. Ke4 Kc7 69. Rf6 Bd6 70. Rh6 Re5+ 71. Kd4 Rg5 72. Re6 Kc6 73. Rh6 Rg4+ 74. Kd3 Kc5 75.
Rh5+ Kc6 76. Rf5 Rg3+ 77. Kd4 Rg4+ 78. Kd3 Rh4 79. Rg5 Rf4 80. Rh5 Bc5 81. Rh6+ Kb7 82. Rh5 Kb6 83. Rg5 Rd4+ 84. Kc3 Re4 85. Rh5 Re3+ 86.
Kc2 Rg3 87. Rf5 Bd4 88. Rb5+ Kc6 89. Rd5 Rc3+ 90. Kd2 Rxc4 91. Rf5 Bc5 92. Kd3 Rd4+ 93. Kc3 Rg4 94. Rh5 Kb5 95. Rh7 Rg3+ 96. Kd2 Kc4 97. Rc7 Kd4 98. Rc8 Rg2+ 99. Ke1 Rb2 100. Kd1 Bb4 101.
Rd8+ Kc3 102. Rc8+ Kb3 103. Kc1 Re2 104. Rd8 Re3 105. Rd7 Bc3 0-1

[Event "Early-Titled-Tuesday-Blitz-January-16-2024"]
[Site "Chess.com"]
[Date "2024.01.16"]
[Round "10"]
[White "FairChess_on_YouTube"]
[Black "SantoBlue"]
[Result "1/2-1/2"]
[WhiteElo "3089"]
[BlackElo "2973"]
[TimeControl "180+1"]
[EndTime "10:01:50 PST"]
[Termination "Game drawn by 50-move rule"]

1. Nf3 d5 2. d4 Nf6 3. c4 c6 4.
e3 Bf5 5. Nc3 e6 6. Nh4 Bg6 7.
Nxg6 hxg6 8. g3 Nbd7 9. Bd2 Be7 10. Qf3 a6 11. Bd3 b5 12. b3 bxc4 13. bxc4 O-O 14. O-O dxc4 15. Bxc4 c5 16. Rab1 cxd4 17. exd4 Nb6 18.
Qd3 Nxc4 19. Qxc4 Rc8 20. Qd3 Nd5 21. Nxd5 Qxd5 22. Qxa6 Rc2 23. Be3 Rxa2 24. Qb7 Qxb7 25. Rxb7 Bf6 26. Rd7 Raa8 27. d5 exd5 28. Rxd5 Rfe8 29.
Rfd1 Rad8 30. Kg2 Rxd5 31. Rxd5 Rd8 32. Rb5 Bd4 33. Bf4 f6 34. h4 Rd7 35. Rb4 Kf7 36. Rc4 Ba7 37. Ra4 Bb6 38. Ra6 Bc5 39. Rc6 Ba7 40.
Kf3 Rd3+ 41. Ke2 Rd7 42. f3 Rb7 43. g4 Rb2+ 44. Kd3 Rb3+ 45. Ke2 Rb2+ 46. Bd2 Bb8 47.
Kd3 Rb3+ 48. Ke2 Rb2 49. Kd3 Rb3+ 50. Ke4 Bg3 51. h5 gxh5 52. gxh5 Rb5 53. h6 Re5+ 54.
Kd3 Rd5+ 55. Ke2 gxh6 56. Bxh6 Kg6 57. Be3 Be5 58. Rc5 Rd7 59. f4 Bc7 60. f5+ Kf7 61. Rb5 Be5 62. Kf3 Rc7 63. Ke4 Rc4+ 64. Kd5 Rc7 65.
Bc5 Rd7+ 66. Ke4 Rc7 67. Bb4 Rc4+ 68. Kd5 Rd4+ 69. Kc6 Kg7 70. Rb7+ Kh6 71. Be7 Kg5 72. Rd7 Ra4 73. Kb5 Ra2 74. Rd1 Kxf5 75. Rf1+ Ke6 76. Bxf6 Bxf6 77. Kc4 Be5 78. Kb3 Rb2+ 79. Kc4 Rc2+ 80.
Kd3 Rc4 81. Kxc4 Bd6 82. Kd4 Kd7 83. Ke4 Kc6 84. Rc1+ Kb7 85. Kd5 Bb8 86. Rb1+ Ka8 87. Kc6 Bg3 88. Ra1+ Kb8 89. Rg1 Bf4 90. Rg8+ Ka7 91.
Rf8 Bg3 92. Rf3 Bh2 93. Rb3 Ka8 94. Rb7 Bf4 95. Rg7 Bh2 96. Kb6 Bb8 97. Rh7 Bf4 98.
Rh8+ Bb8 99. Kc6 Ka7 100. Rf8 Ka8 101. Rf7 Bg3 102. Kd7 Kb7 103. Rf3 Bh2 104. Rb3+ Ka8 105. Kc8 Bg1 106. Rb2 Ba7 107. Rb7 Be3 108. Kc7 Bf4+ 109. Kc6 Bg3 110. Rf7 Bh2 111. Rf8+ Bb8 112. Rd8 Ka7 113. Rd7+ Ka8 114. Kb6 Bg3 115. Rd8+ Bb8 116. Kc6 Ka7 117. Rd5 Ka8 118. Rb5 Bg3 119. Rb3 Bh2 120. Ra3+ Kb8 121. Rh3 Bf4 122. Rh7 Ka8 123. Rf7 Bh2 124. Rf8+ Ka7 125. Rf2 Bg3 126. Rb2 Ka8 127. Rb3 Bf4 128. Kd7 Ka7 129. Kc8 Bh2 130. Rb7+ Ka6 131. Rg7 1/2-1/2

[Event "Early-Titled-Tuesday-Blitz-January-16-2024"]
[Site "Chess.com"]
[Date "2024.01.16"]
[Round "11"]
[White "blitzking1729"]
[Black "Phelathegreat"]
[Result "1-0"]
[WhiteElo "2696"]
[BlackElo "2464"]
[TimeControl "180+1"]
[EndTime "10:03:20 PST"]
[Termination "blitzking1729 won by resignation"]

1. c4 e6 2. Nc3 d5 3. e3 Nf6 4.
Nf3 Be7 5. b3 O-O 6. Bb2 b6 7.
cxd5 Nxd5 8. Nxd5 Qxd5 9. Qc2 c5 10.
Bd3 h6 11. Bh7+ Kh8 12. Be4 1-0

[Event "Early-Titled-Tuesday-Blitz-January-16-2024"]
[Site "Chess.com"]
[Date "2024.01.16"]
[Round "11"]
[White "ChampStan"]
[Black "missponyo10"]
[Result "0-1"]
[WhiteElo "2119"]
[BlackElo "2251"]
[TimeControl "180+1"]
[EndTime "10:04:01 PST"]
[Termination "missponyo10 won by resignation"]

1. e4 c5 2. Nf3 d6 3. d4 cxd4 4. Nxd4 Nf6 5. Nc3 a6 6. Bg5 Nbd7 7. f4 Qc7 8. Qf3 h6 9. Bh4 g5 10. fxg5 hxg5 11. Bxg5 Qc5 12. Be3 Ne5 13. Qg3 Neg4 14. O-O-O Nxe3 15. Qxe3 Bg4 16. Be2 Bh6 0-1